 Dungeon Crawl Stone Soup version 0.29-a0-668-g12ee2bf84d (webtiles) character file.

Game seed: 14165829422988198945

29702 sammy202020 the Fighter (level 13, -6/166 HPs)
             Began as a Demonspawn Berserker on June 23, 2022.
             Was an Elder of Trog.
             Mangled by a skeletal warrior
             ... wielding a +0 scimitar
              (20 damage)
             ... on level 14 of the Dungeon.
             The game lasted 00:31:33 (18211 turns).

sammy202020 the Fighter (Demonspawn Berserker)     Turns: 18211, Time: 00:31:34

Health: -6/166     AC: 18    Str: 22    XL:     13   Next: 16%
Magic:  0/13       EV: 10    Int: 13    God:    Trog [****..]
Gold:   152        SH:  0    Dex: 14    Spells: 12/12 levels left

rFire   + . .      SeeInvis .   H - +5 war axe of Zoskabb {vorpal, Int+3}
rCold   + . .      Faith    .   b - orb {light}
rNeg    . . .      Spirit   +   g - +0 plate armour
rPois   +          Reflect  .   (no helmet)
rElec   +          Harm     .   (no cloak)
rCorr   .          Rampage  .   (no gloves)
Will    ++...                   j - +1 pair of boots
Stlth   ..........              q - amulet of guardian spirit
HPRegen 1.37/turn               m - ring of protection from fire
MPRegen 0.13/turn               Q - ring of the Priest {rElec rPois rC+ Str+2 Slay+4}

@: mighty, berserking, strong-willed, regenerating, glowing, very quick
A: foul stench 2, powered by pain 2, sharp scales 2, bedeviling, weakness
stinger 2
a: Renounce Religion, Berserk, Trog's Hand, Brothers in Arms


You were on level 14 of the Dungeon.
You worshipped Trog.
Trog was greatly pleased with you.
You visited 1 branch of the dungeon, and saw 14 of its levels.

You collected 1309 gold pieces.
You spent 1157 gold pieces at shops.

Inventory:

Hand Weapons
 a - a +3 scimitar of flaming
 p - a +0 flail
 s - a +1 vorpal broad axe
 C - a +0 morningstar
 H - the +5 war axe of Zoskabb (weapon) {vorpal, Int+3}
   (You found it on level 12 of the Dungeon)

   It inflicts extra damage upon your enemies.
   Int:       It affects your intelligence (+3).
Missiles
 l - 9 javelins (quivered)
 o - 7 boomerangs
 P - 2 silver boomerangs
Armour
 b - an orb of light (worn)
 g - a +0 plate armour (worn)
 j - a +1 pair of boots (worn)
Jewellery
 m - a ring of protection from fire (left hand)
 q - an amulet of guardian spirit (around neck)
 x - a ring of protection from fire
 G - a +4 ring of protection
 K - a +6 ring of dexterity
 L - a ring of positive energy
 N - an amulet of the acrobat
 Q - the ring of the Priest (right hand) {rElec rPois rC+ Str+2 Slay+4}
   (You bought it in a shop on level 2 of the Dungeon)

   [ring of slaying]

   Str:       It affects your strength (+2).
   Slay:      It affects your accuracy & damage with ranged weapons and melee
   (+4).
   rC:        It protects you from cold.
   rElec:     It insulates you from electricity.
   rPois:     It protects you from poison.
 R - an amulet of magic regeneration
Wands
 i - a wand of digging (11)
 n - a wand of polymorph (11)
 u - a wand of flame (52)
 y - a wand of iceblast (12)
 A - a wand of quicksilver (14)
Scrolls
 f - 8 scrolls of teleportation
 r - a scroll of fog
 t - 2 scrolls of fear
 z - 4 scrolls of magic mapping
 B - a scroll of blinking
 E - 5 scrolls of identify
 O - 2 scrolls of enchant weapon
Potions
 c - 4 potions of magic
 d - 4 potions of lignification
 h - 3 potions of brilliance
 k - 5 potions of flight
 v - a potion of cancellation
 w - a potion of invisibility
 D - a potion of berserk rage
 F - 3 potions of curing
 I - a potion of attraction
 J - a potion of ambrosia


   Skills:
 * Level 13.5 Fighting
 * Level 12.4 Axes
 + Level 8.7 Armour
 + Level 8.8 Dodging


You had 12 spell levels left.
You didn't know any spells.
Your spell library was empty.

Dungeon Overview and Level Annotations

Branches:
Dungeon (14/15)            Temple (0/1) D:5            Lair (0/6) D:9
    Orc (0/2) D:9          Vaults (0/5) D:14

Altars:
Dithmenos
Elyvilon
Hepliaklqana
Nemelex Xobeh
Qazlal
Ru
Trog
Uskayaw
Wu Jian
Zin

Shops:
D:2 =   D:3 *:?[?   D:10 !


Innate Abilities, Weirdness & Mutations

You sometimes emit foul miasma when damaged in melee.
You sometimes gain power by taking damage.
You are mostly covered in razor-sharp scales. (AC +2, Slay +2)
Your hexes are more powerful.
You have a tail ending in a sharp stinger.


Message History

* * * LOW HITPOINT WARNING * * *
A red film seems to cover your vision as you go berserk!
You feel yourself moving faster!
You feel mighty!
The skeletal warrior hits you with a +0 scimitar!
* * * LOW HITPOINT WARNING * * *
You focus on the pain.
You feel very mighty all of a sudden.
You barely miss the skeletal warrior.
The skeletal warrior is almost destroyed.
You slash the skeletal warrior!
You destroy the skeletal warrior!
Trog accepts your kill.
You slice the skeletal warrior!!
The skeletal warrior is severely damaged.
You slice the skeletal warrior!!
You destroy the skeletal warrior!
Trog accepts your kill.
You slash the skeletal warrior!
The skeletal warrior is severely damaged.
You slice the skeletal warrior!!
You destroy the skeletal warrior!
Trog accepts your kill.
You slash the skeletal warrior!
The skeletal warrior is moderately damaged.
You barely miss the skeletal warrior.
The skeletal warrior is moderately damaged.
The skeletal warrior barely misses you.
You hit the skeletal warrior.
Your tail-slap misses the skeletal warrior.
The skeletal warrior is heavily damaged.
The skeletal warrior hits you with a +0 scimitar.
* * * LOW HITPOINT WARNING * * *
You emit a cloud of foul miasma!
You slash the skeletal warrior!
The skeletal warrior is severely damaged.
You hit the skeletal warrior but do no damage.
You tail-slap the skeletal warrior!
The skeletal warrior is almost destroyed.
The skeletal warrior hits you with a +0 scimitar!!
You die...

#.#...#.....#
#.###.#######
#........#
####'#####
#.# #.# #.##
#..# ##@#
##z########
#.........#
#.........#
#...).....#
#...........
#..$......##
#.........#
+.........#


You could see a skeletal warrior.

Vanquished Creatures
  5 boulder beetles
  A hydra (D:13)
  3 centaur warriors
  4 two-headed ogres
  A death knight (D:9)
  2 tengu warriors
  Sonja (D:12)
  4 skeletal warriors (D:14)
  The ghost of DocClef the Basher, a novice VSFi of Okawaru (D:9)
  2 deep elf pyromancers
  4 cyclopes
  A manticore (shapeshifter) (D:14)
  2 ugly things
  2 manticores
  Joseph (D:7)
  A gargoyle (D:12)
  An efreet (D:8)
  A freezing wraith (D:9)
  2 trolls (D:12)
  A polar bear (shapeshifter) (D:14)
  2 hornets
  12 slime creatures
  Grinder (D:4)
  2 shadows
  A centaur simulacrum (D:14)
  4 wyverns
  Sigmund (D:2)
  6 wraiths
  Eustachio (D:4)
  A vampire (D:13)
  5 yaks
  A golden eye (shapeshifter) (D:14)
  2 steam dragons
  2 acid dragons
  3 water moccasins (D:9)
  5 orc warriors (D:9)
  An ice beast (D:7)
  A black bear (shapeshifter) (D:13)
  3 black bears
  3 ogres
  6 centaurs
  4 bullfrogs (D:9)
  A necrophage (D:4)
  2 scorpions
  24 killer bees
  4 howler monkeys
  A gnoll shaman (D:6)
  A jelly (D:6)
  6 orc priests
  3 hounds
  5 iguanas
  10 orc wizards
  Robin (D:2)
  7 gnolls
  9 adders
  A shadow imp (D:8)
  2 ufetubi
  A worm (D:4)
  3 dart slugs
  32 orcs
  7 bats
  13 endoplasms
  4 giant cockroaches (D:1)
  16 goblins
  12 hobgoblins
  7 jackals (D:3)
  7 kobolds
  4 quokkas
  2 ball pythons
  A frilled lizard (D:1)
  10 rats
303 creatures vanquished.

Vanquished Creatures (others)
  49 fungi (D:9)
  58 plants (D:9)
107 creatures vanquished.

Grand Total: 410 creatures vanquished

Notes
Turn   | Place    | Note
-------+----------+-------------------------------------------
     0 | D:1      | sammy202020 the Demonspawn Berserker began the quest for
                  | the Orb.
     0 | D:1      | Reached XP level 1. HP: 18/18 MP: 1/1
   205 | D:1      | Gained mutation: You may rarely emit foul miasma when
                  | damaged in melee. [demonic ancestry]
   205 | D:1      | Reached XP level 2. HP: 12/24 MP: 2/2
   839 | D:1      | Gained mutation: You are partially covered in razor-sharp
                  | scales. (AC +1, Slay +1) [demonic ancestry]
   839 | D:1      | Reached XP level 3. HP: 27/29 MP: 3/3
  1133 | D:1      | Found a faded altar of an unknown god.
  1156 | D:1      | Found a faded altar of an unknown god.
  1649 | D:2      | Reached ** piety under Trog
  1850 | D:2      | Gained mutation: You sometimes emit foul miasma when
                  | damaged in melee. [demonic ancestry]
  1850 | D:2      | Reached XP level 4. HP: 31/37 MP: 4/4
  1953 | D:2      | Found Zadwonti's Jewellery Emporium.
  2119 | D:2      | Noticed Robin
  2129 | D:2      | Killed Robin
  2554 | D:2      | Reached skill level 4 in Fighting
  2745 | D:2      | Noticed Sigmund
  2764 | D:2      | Killed Sigmund
  2765 | D:2      | Gained mutation: You sometimes gain a little power by
                  | taking damage. [demonic ancestry]
  2765 | D:2      | Reached XP level 5. HP: 32/43 MP: 5/5
  2765 | D:2      | Reached XP level 6. HP: 36/49 MP: 6/6
  3090 | D:3      | Found Viacafaq's Magic Scroll Shop.
  3585 | D:3      | Found Fopnur's Armour Shop.
  3653 | D:3      | Found Wural's Magic Scroll Emporium.
  3848 | D:3      | Found Loza's Assorted Antiques.
  3864 | D:3      | Reached *** piety under Trog
  3892 | D:3      | Found Umaipeud's Book Boutique.
  3906 | D:3      | Found a sparkling altar of Nemelex Xobeh.
  3916 | D:3      | Found a bloodstained altar of Trog.
  4055 | D:4      | Reached skill level 5 in Fighting
  4302 | D:4      | Gained mutation: You have a small tail. [demonic ancestry]
  4302 | D:4      | Reached XP level 7. HP: 25/56 MP: 7/7
  4600 | D:4      | Noticed Eustachio
  4619 | D:4      | Killed Eustachio
  4620 | D:4      | Reached skill level 5 in Axes
  4858 | D:4      | Noticed Grinder
  4872 | D:4      | Killed Grinder
  4873 | D:4      | Reached skill level 6 in Fighting
  5066 | D:4      | Identified the +8 dagger of Plunder {vorpal, Str+3 Int+4}
  5111 | D:5      | Entered Level 5 of the Dungeon
  5208 | D:5      | Gained mutation: You are mostly covered in razor-sharp
                  | scales. (AC +2, Slay +2) [demonic ancestry]
  5208 | D:5      | Reached XP level 8. HP: 64/64 MP: 8/8
  5245 | D:5      | Found a hazy altar of Hepliaklqana.
  5295 | D:5      | Found a staircase to the Ecumenical Temple.
  6282 | D:6      | Reached skill level 7 in Fighting
  6626 | D:6      | Found the +8 trident of the Octopus King {venom, rElec
                  | rPois}
  7100 | D:6      | Found a hide-covered altar of Uskayaw.
  7144 | D:6      | Found a stormy altar of Qazlal.
  7150 | D:6      | Reached **** piety under Trog
  7151 | D:6      | Reached XP level 9. HP: 67/72 MP: 9/9
  7528 | D:7      | Noticed Joseph
  7535 | D:7      | Killed Joseph
  7759 | D:8      | Reached skill level 8 in Fighting
  7759 | D:8      | Reached skill level 5 in Armour
  7786 | D:8      | Reached skill level 5 in Dodging
  7893 | D:8      | Found a shadowy altar of Dithmenos.
  8010 | D:8      | Noticed a green ugly thing
  8010 | D:8      | Noticed a deep elf pyromancer
  8011 | D:8      | Noticed an efreet
  8014 | D:8      | Noticed a centaur warrior
  8014 | D:8      | Noticed a tengu warrior
  8023 | D:8      | Noticed a manticore
  8024 | D:8      | Noticed a cyclops
  8563 | D:9      | Reached XP level 10. HP: 75/82 MP: 8/10
  8570 | D:9      | Reached skill level 9 in Fighting
  8585 | D:9      | Noticed a two-headed ogre
  8595 | D:9      | Killed a two-headed ogre
  9411 | D:9      | Found a staircase to the Lair.
  9539 | D:9      | Noticed a death knight
  9543 | D:9      | Noticed a centaur warrior
  9552 | D:9      | Killed a death knight
  9553 | D:9      | Found a runed translucent gate.
  9556 | D:9      | Killed a centaur warrior
  9557 | D:9      | Reached skill level 10 in Fighting
  9594 | D:9      | Noticed a cyclops
  9608 | D:9      | Killed a cyclops
  9735 | D:9      | Found a runed translucent gate.
  9737 | D:9      | Found a runed translucent gate.
  9738 | D:9      | Noticed DocClef's ghost (novice VSFi)
  9764 | D:9      | Killed DocClef's ghost
  9765 | D:9      | Gained mutation: You sometimes gain power by taking damage.
                  | [demonic ancestry]
  9765 | D:9      | Reached XP level 11. HP: 84/92 MP: 6/11
  9850 | D:9      | Identified the +0 robe of the Valley {Str+5 SInv}
 10209 | D:9      | Found a staircase to the Orcish Mines.
 10509 | D:9      | Noticed a two-headed ogre
 10517 | D:9      | Killed a two-headed ogre
 10518 | D:9      | Reached skill level 10 in Axes
 10694 | D:9      | Noticed a boulder beetle
 10916 | D:9      | Killed a boulder beetle
 11262 | D:8      | Found a sacrificial altar of Ru.
 11359 | D:8      | Found an ornate altar of the Wu Jian Council.
 11552 | D:10     | Entered Level 10 of the Dungeon
 11733 | D:10     | Reached skill level 11 in Fighting
 12203 | D:10     | Found Gian's Distillery.
 12301 | D:10     | Noticed a two-headed ogre
 12305 | D:10     | Killed a two-headed ogre
 12627 | D:11     | Noticed a boulder beetle
 12631 | D:11     | Reached ***** piety under Trog
 12647 | D:11     | Killed a boulder beetle
 14634 | D:8      | Killed a tengu warrior
 14635 | D:8      | Killed a centaur warrior
 14635 | D:8      | Killed a deep elf pyromancer
 14636 | D:8      | Gained mutation: You have a tail ending in a sharp stinger.
                  | [demonic ancestry]
 14636 | D:8      | Reached XP level 12. HP: 20/102 MP: 2/12
 14644 | D:8      | Reached skill level 12 in Fighting
 14863 | D:12     | Identified the +5 war axe of Zoskabb {vorpal, Int+3}
 15011 | D:12     | Noticed a boulder beetle
 15018 | D:12     | Killed a boulder beetle
 15232 | D:12     | Noticed a two-headed ogre
 15242 | D:12     | Killed a two-headed ogre
 15787 | D:2      | Bought the ring of the Priest {rElec rPois rC+ Str+2
                  | Slay+4} for 1157 gold pieces
 16309 | D:12     | Noticed Sonja
 16316 | D:12     | Killed Sonja
 16545 | D:13     | Noticed a tengu warrior
 16545 | D:13     | Noticed a centaur warrior
 16550 | D:13     | Killed a centaur warrior
 16554 | D:13     | Killed a tengu warrior
 16803 | D:13     | Noticed a boulder beetle
 16812 | D:13     | Reached skill level 13 in Fighting
 16824 | D:13     | Killed a boulder beetle
 17092 | D:13     | Noticed a five-headed hydra
 17099 | D:13     | Killed a one-headed hydra
 17828 | D:14     | Noticed a boulder beetle
 17838 | D:14     | Paralysed by a floating eye for 4 turns
 17847 | D:14     | Found a gate to the Vaults.
 17858 | D:14     | Gained mutation: Your hexes are more powerful. [demonic
                  | ancestry]
 17858 | D:14     | Reached XP level 13. HP: 35/111 MP: 9/13
 18198 | D:14     | HP: 4/111 [skeletal warrior/+0 scimitar (16)]
 18211 | D:14     | Mangled by a skeletal warrior

Illustrated notes

Levels and vault maps discovered:
D:1:      dpeg_arrival_tiny_e, layout_loops_ring,
          hellmonk_ecumenical_altar_the_god_not_taken, minmay_indecisive_spiral
D:2:      layout_basic, serial_shops, shop_statue, grunt_ministairs_3,
          st_stairs_7, minmay_pentomino_v2, uniq_robin, uniq_sigmund
D:3:      layout_loops_ring, amethyst_overflow_temple_binary, serial_shops,
          shop_statue, shop, shop, shop, nicolae_shop_trees
D:4:      layout_rooms, chequers_serial_rivers_room_b, uniq_grinder,
          uniq_eustachio
D:5:      layout_basic, nzn_hepliaklqana_mist_gate, temple_fountains
D:6:      layout_loops_cross, chequers_temple_overflow_statue_of_worship,
          minmay_misc_feat_roman
D:7:      minmay_klotski, layout_gridville, cheibrodos_worm_habitat, uniq_joseph
D:8:      layout_cave_pools, mainiacjoe_overflow_paths,
          nicolae_wu_jian_immortal_techniques, nicolae_ru_the_path_less_chosen,
          mainiacjoe_overflow_concentric_impassable, serial_column_ruins,
          column_ruins_square_large, column_ruins_columns_straight,
          column_ruins_corridor_straight, column_ruins_corridor_straight,
          column_ruins_grid_1, column_ruins_grid_2, minivault_12
D:9:      layout_basic, lemuel_crystal_altar, due_lair_maze_entry_diamond,
          hiddenorc1_lemuel, gammafunk_ghost_spectres,
          minmay_fractal_squares_gapless_7
D:10:     layout_roguey, nicolae_stop_n_shop_1
D:11:     layout_gridville, kennysheep_generic_room_15
D:12:     layout_roguey, uniq_sonja
D:13:     layout_cross
D:14:     layout_roguey, david_vaults_2, nicolae_tso_swordbearing_angel

Skill      XL: |  1  2  3  4  5  6  7  8  9 10 11 12 |
---------------+-------------------------------------+-----
Armour         | 2 3 4 5 6 7 8 |  8.7
Dodging        | 2 3 4 5 6 7 8 |  8.8
Axes           | 3 4 5 6 8 9 11 12 | 12.4
Fighting       | 4 5 6 7 8 10 11 13 | 13.5

Action                   |  1- 3 |  4- 6 |  7- 9 | 10-12 | 13-15 || total
-------------------------+-------+-------+-------+-------+-------++-------
Melee: Hand axe          |   102 |   170 |   126 |       |       ||   398
       Tailslap          |       |       |    35 |    81 |     4 ||   120
       Broad axe         |       |       |    86 |   232 |       ||   318
       War axe           |       |       |       |   101 |    26 ||   127
       Scimitar          |       |       |       |     5 |       ||     5
Throw: Javelin           |       |       |       |     1 |       ||     1
Invok: Berserk           |     1 |       |     3 |     5 |     2 ||    11
       Trog's Hand       |       |       |     1 |     6 |     1 ||     8
  Use: Scroll            |     2 |     4 |     7 |    17 |       ||    30
       Potion            |       |       |       |     6 |     2 ||     8
Armor: Animal skin       |     3 |       |       |       |       ||     3
       Leather armour    |    19 |    10 |       |       |       ||    29
       Plate armour      |       |   105 |   154 |   236 |     8 ||   503
Dodge: Dodged            |    80 |    74 |    99 |   184 |     8 ||   445

Table legend: (Time is in decaauts)
 A = Elapsed time spent in this place.
 B = Non-inter-level travel time spent in this place.
 C = Inter-level travel time spent in this place.
 D = Time resting spent in this place.
 E = Time spent auto-exploring this place.
 F = Levels seen in this place.
 G = Mean time per level.
                   A        B        C        D        E       F      G
               +--------+--------+--------+--------+--------+-----+--------+
         Total |  18412 |  16592 |   1820 |   2213 |  11545 |  14 | 1315.1 |
       Dungeon |  18412 |  16592 |   1820 |   2213 |  11545 |  14 | 1315.1 |
               +--------+--------+--------+--------+--------+-----+--------+

Top non-repeatable levels by time:
     D:9: 3892 daAuts
     D:1: 1681 daAuts
     D:2: 1491 daAuts
    D:13: 1291 daAuts
    D:12: 1214 daAuts
     D:5: 1201 daAuts
    D:11: 1167 daAuts
     D:4: 1160 daAuts
     D:6: 1128 daAuts
    D:10: 1084 daAuts
     D:8: 1063 daAuts
     D:3: 1022 daAuts
     D:7: 632 daAuts
    D:14: 382 daAuts
